 Dungeon Crawl Stone Soup version 0.29-a0-270-g1586fc07ea (webtiles) character file.

Game seed: 16405202899536005673

349 bande the Covered (level 6, 38/38 HPs)
             Began as a Gargoyle Fighter on Mar 7, 2022.
             Quit the game on level 3 of the Dungeon.
             The game lasted 00:04:27 (3389 turns).

bande the Covered (Gargoyle Fighter)                Turns: 3389, Time: 00:04:28

Health: 38/38      AC: 13    Str: 18    XL:     6   Next: 60%
Magic:  6/6        EV:  9    Int:  8    God:
Gold:   124        SH:  4    Dex: 11    Spells: 5/5 levels left

rFire   . . .      SeeInvis .   a - +0 war axe
rCold   . . .      Faith    .   c - +0 buckler
rNeg    + . .      Spirit   .   b - +0 scale mail
rPois   ∞          Reflect  .   (no helmet)
rElec   +          Harm     .   e - +1 cloak {rPois}
rCorr   .          Rampage  .   (no gloves)
Will    .....                   (no boots)
Stlth   ..........              (no amulet)
HPRegen 0.12/turn               (no ring)
MPRegen 0.10/turn               (no ring)

@: no status effects
A: sickness immunity, AC +4, negative energy resistance 1, electricity
resistance, torment resistance 1, petrification resistance, weak 1, devolution 1
a: no special abilities


You were on level 3 of the Dungeon.
You visited 1 branch of the dungeon, and saw 6 of its levels.

You collected 124 gold pieces.

Inventory:

Hand Weapons
 a - a +0 war axe (weapon)
 j - a +0 flail
Armour
 b - a +0 scale mail (worn)
 c - a +0 buckler (worn)
 e - a +1 cloak of poison resistance (worn)
Scrolls
 g - a scroll of magic mapping {unknown}
 k - a scroll of enchant weapon {unknown}
 m - a scroll of teleportation {unknown}
 n - a scroll of enchant armour {unknown}
Potions
 h - a potion of brilliance
 i - a potion of attraction {unknown}
 l - 2 potions of curing


   Skills:
 + Level 4.2 Fighting
 + Level 4.4 Axes
 + Level 4.8 Armour
 - Level 0.4 Stealth
 * Level 4.0 Shields


You had 5 spell levels left.
You didn't know any spells.
Your spell library contained the following spells:

 Spells                   Type           Power      Damage    Failure   Level
 Static Discharge         Conj/Air       0%         N/A       95%         2
 Lightning Bolt           Conj/Air       0%         1d11      100%        5
 Maxwell's Capacitive Co  Air            0%         ∞         100%        8


Dungeon Overview and Level Annotations

Branches:
Dungeon (6/15)
 Temple: D:4-7

Altars:

Annotations:
D:5 Dowan, Duvessa


Innate Abilities, Weirdness & Mutations

You are immune to sickness and miasma.
Your stone body is resilient. (AC +4)
You are immune to poison.
You resist negative energy. (rN+)
You are resistant to electric shocks. (rElec)
You are resistant to unholy torment.
You are immune to petrification.
You are weak. (Str -2)
You have hidden genetic defects.


Message History

You fly upwards.
The orc shouts!
The orc wizard shouts!
The orc shouts! x3
There is a stone staircase leading down here.
The scorpion barely misses you. The orc barely misses you.
The orc wizard mumbles some strange words.
The orc wizard flickers and vanishes!
Deactivating autopickup; reactivate with Ctrl-A.
Found two stone staircases leading up.
There is a stone staircase leading up here.
You fly upwards.
Reactivating autopickup.
Found a runed dagger.
There is a stone staircase leading down here.
You start resting.
Your transformation is almost over.
You feel less batty.
Your +0 war axe unmelds from your body.
Your +1 cloak of poison resistance unmelds from your body.
Your +0 buckler unmelds from your body.
Your +0 scale mail unmelds from your body.
You start resting.
HP restored.
You start waiting.
Done waiting.
You start waiting.
Done waiting.
You pick up a book of Lightning and begin reading...
You add the spells Static Discharge, Lightning Bolt and Maxwell's Capacitive Coupling to your library.
m - a scroll labelled LEHOX PENNUM
n - a scroll labelled HOHUYCKUHO
Okay, then.
Okay, then.
As you read the scroll of identify, it crumbles to dust.
f - a potion of mutation Really quaff the potion of mutation?
You feel extremely strange.
You feel weaker.
You feel a hidden malignance growing inside you.
Are you sure you want to abandon this character and quit the game? (Confirm with "yes".)

#########
#....@..# #
#.......# .#
#.......##...
#...........#
#.......###.#
#.......#
#.......#
####.#### #.#


There were no monsters in sight!

Vanquished Creatures
  Sigmund (D:2)
  A centaur (D:6)
  Crazy Yiuf (D:2)
  3 adders
  A shadow imp (D:5)
  A worm (D:3)
  2 dart slugs
  4 orcs (D:3)
  6 ball pythons
  2 bats (D:1)
  2 endoplasms (D:1)
  A giant cockroach (D:1)
  6 goblins
  4 hobgoblins
  3 quokkas
  2 frilled lizards (D:1)
  A kobold (D:2)
  4 rats
45 creatures vanquished.

Notes
Turn   | Place    | Note
-------+----------+-------------------------------------------
     0 | D:1      | bande the Gargoyle Fighter began the quest for the Orb.
     0 | D:1      | Reached XP level 1. HP: 14/14 MP: 1/1
   276 | D:1      | Reached XP level 2. HP: 18/19 MP: 2/2
   928 | D:1      | Reached XP level 3. HP: 23/23 MP: 3/3
  1289 | D:2      | Noticed Sigmund
  1301 | D:2      | Killed Sigmund
  1302 | D:2      | Reached XP level 4. HP: 18/29 MP: 4/4
  1302 | D:2      | Reached XP level 5. HP: 21/33 MP: 5/5
  1687 | D:2      | Found a runed translucent door.
  1688 | D:2      | Noticed Crazy Yiuf
  2183 | D:2      | Killed Crazy Yiuf
  2184 | D:2      | Reached XP level 6. HP: 10/38 MP: 6/6
  2869 | D:3      | You fall into a shaft and drop 3 floors!
  2962 | D:5      | Entered Level 5 of the Dungeon
  3018 | D:5      | Noticed Duvessa
  3018 | D:5      | Noticed Dowan
  3388 | D:3      | Gained mutation: You are weak. (Str -2) [potion of
                  | mutation]
  3388 | D:3      | Gained mutation: You have hidden genetic defects. [potion
                  | of mutation]
  3389 | D:3      | Quit the game

Illustrated notes

Levels and vault maps discovered:
D:1:      dpeg_arrival_leaves_temple_mockup, layout_basic
D:2:      layout_rooms, serial_forest, infiniplex_forest_clump_small,
          infiniplex_forest_clump_C, infiniplex_forest_3_way,
          infiniplex_forest_clump_small, infiniplex_forest_straight_5,
          infiniplex_forest_clump_curved, infiniplex_forest_clump_double,
          minivault_14, uniq_sigmund, uniq_crazy_yiuf_cottage
D:3:      layout_loops_ring, dreamdust_ecumenical_altar_angels_and_demons,
          grunt_decor_arrowhead
D:4:      minmay_clustersquares, layout_cave_pods, uniq_ijyb, uniq_eustachio
D:5:      layout_loops_cross, lemuel_round_altar, dk_vineyard_2, uniq_duvessa,
          uniq_prince_ribbit1
D:6:      layout_loops_ring, worldfamousw_hep_ancestral_shrine,
          minmay_temple_entry_wispy, gammafunk_ghost_nasty_kobolds,
          serial_shops, shop, uniq_blork_the_orc

Skill      XL: |  1  2  3  4  5  6 |
---------------+-------------------+-----
Axes           | 2 3 4 |  4.4
Armour         | 4 |  4.8
Fighting       | 4 |  4.2
Shields        | 4 |  4.0
Stealth        | |  0.4

Action                   |  1- 3 |  4- 6 || total
-------------------------+-------+-------++-------
Melee: War axe           |    61 |    86 ||   147
  Use: Scroll            |     2 |     6 ||     8
       Potion            |     1 |     2 ||     3
Armor: Scale mail        |    30 |    50 ||    80
Dodge: Dodged            |    32 |    58 ||    90
Block: Buckler           |     2 |    22 ||    24

Table legend: (Time is in decaauts)
 A = Elapsed time spent in this place.
 B = Non-inter-level travel time spent in this place.
 C = Inter-level travel time spent in this place.
 D = Time resting spent in this place.
 E = Time spent auto-exploring this place.
 F = Levels seen in this place.
 G = Mean time per level.
                   A        B        C        D        E       F      G
               +--------+--------+--------+--------+--------+-----+--------+
         Total |   3421 |   3283 |    138 |    814 |   1962 |   6 |  570.2 |
       Dungeon |   3421 |   3283 |    138 |    814 |   1962 |   6 |  570.2 |
               +--------+--------+--------+--------+--------+-----+--------+

Top non-repeatable levels by time:
     D:2: 1350 daAuts
     D:1: 1222 daAuts
     D:3: 666 daAuts
     D:6: 95 daAuts
     D:5: 73 daAuts
     D:4: 13 daAuts
